[Event "ETCC Open 2023"]
[Site "Budva"]
[Date "2023.11.12"]
[Round "2.47"]
[White "Druska, Juraj"]
[Black "Abasov, Nijat"]
[Result "1/2-1/2"]
[ECO "E04"]
[WhiteElo "2472"]
[BlackElo "2679"]
[Annotator "TA"]
[PlyCount "95"]
[EventDate "2023.11.10"]
[EventType "team-tourn"]
[EventCountry "MNE"]
[SourceTitle "playchess.com"]
[Source "ChessBase"]
[SourceQuality "1"]
[WhiteTeam "Slovakia"]
[BlackTeam "Azerbaijan"]
[WhiteTeamCountry "SVK"]
[BlackTeamCountry "AZE"]
[TimeControl "40/5400+30:1800+30"]

1. d4 Nf6 2. c4 e6 3. g3 d5 4. Bg2 dxc4 5. Nf3 a6 6. Ne5 Bb4+ {[%emt 0:03:54] E04: Open Catalan: 5 Nf3.} 7. Nc3 Nd5 8. O-O $1 {[%emt 0:00:26][%mdl 4] now scores much better than the old 8.Bd2.} (8. Nxc4 Nxc3 9. bxc3 Bxc3+ 10. Bd2 Bxa1 11. Qxa1 O-O $17) 8... Nxc3 9. bxc3 Bxc3 10. Rb1 Qxd4 11. Qa4+ (11. Qxd4 Bxd4 12. Nxc4 Nd7 $11) 11... b5 $1 12. Qa3 {[%emt 0:00:10] aiming for Bf4.} Qxe5 13. Bf4 Qf6 {[%emt 0:00:13] Strongly threatening ...Ra7.} (13... Qxe2 $2 14. Qxc3 O-O 15. Bxa8 $18) 14. Bxc7 $1 (14. Bxa8 e5 15. Qxc3 exf4 16. Qxf6 gxf6 $15) 14... b4 {[%emt 0:00:22] 14...Be5 is not played anymore.} (14... Be5 {simplifies} 15. Bxe5 Qxe5 16. Bxa8 Qc7) 15. Rxb4 Bxb4 16. Qxb4 a5 17. Qb5+ (17. Qxc4 Ra6 $15) 17... Bd7 {[%emt 0:00:15] [#]} 18. Qb7 $146 ({Predecessor:} 18. Qxc4 Na6 19. Bxa8 Nxc7 20. Qxc7 Qd8 21. Qa7 O-O 22. Bf3 Ba4 23. Rc1 Qd2 24. Rc5 Qxa2 25. Qxa5 {½-½ Wen,Y (2594)-Xu,X (2569) CHN-chT Liaocheng 2021 (2.2)}) 18... O-O $1 19. Qxa8 {[%emt 0:00:09] Qb7 is the strong threat.} Nc6 $1 $132 {[%emt 0:18:08][%mdl 2048] Black is fighting back} 20. Qb7 Nd4 21. Bxa5 $2 (21. Re1 $11 {and White has nothing to worry.}) 21... Nxe2+ $19 22. Kh1 Qd4 {[%emt 0:02:10] Hoping for ...c3.} 23. Bf3 {[%emt 0:40:01] [#]} (23. Qe4 $142 Qxe4 24. Bxe4) 23... Rc8 $1 24. Bb6 {[%emt 0:01:45] [#]} (24. Bxe2 Bc6+) 24... Qd3 (24... Qd6 $1 $19 {[%cal Oc4c3] has better winning chances. White must now prevent ...c3!} 25. Bc7 Nxg3+ 26. hxg3 Qxc7) 25. Kg2 {[%emt 0:00:10] [#] And now Bxe2 would win.} Nc3 (25... Qd6 $1 $17 {[%cal Oc4c3] ...c3! would be deadly.} 26. Re1 Nc3) 26. Ba5 {[%emt 0:01:32] Threatens to win with Bxc3. This pair of bishops is nice.} (26. Rc1 $5 Na4 27. Be3 $16 (27. Rd1 $2 Qxd1 {[%mdl 64] Deflection} 28. Bxd1 Bc6+ $19)) 26... Na4 (26... Nxa2 $2 27. Qa6 (27. Rd1 Qxd1 $17) 27... Rf8 28. Rd1 $18) 27. Rd1 Qxd1 28. Qxc8+ $1 (28. Bxd1 $2 {loses.} Bc6+ $19) 28... Bxc8 29. Bxd1 $11 {[%emt 0:00:01][%mdl 4096] Endgame KBB-KBN} Bb7+ 30. f3 Nc5 (30... Nb2 $5 31. Bc2 Nd3 $11) 31. Kf2 e5 32. Ke3 f6 33. Be2 Bd5 34. Kd2 {[%emt 0:00:10] [#]} c3+ $1 {[%emt 0:00:00][%mdl 64] Discovered Attack} 35. Bxc3 Bxa2 36. Ke3 Kf7 37. f4 exf4+ 38. Kxf4 Ke6 39. Bb4 {[%emt 0:01:43] The position is equal.} g5+ 40. Ke3 Nd7 41. Ba6 Ne5 42. h4 gxh4 43. gxh4 Kf7 44. Bc3 Ng6 45. Bd3 Nxh4 46. Bxh7 Ng6 47. Bxg6+ Kxg6 48. Bxf6 {[%emt 0:00:00] A fantastic game!   Weighted Error Value: White=0.17 (very precise) /Black=0.14 (very precise)} 1/2-1/2

[Event "ETCC Open 2023"]
[Site "Budva"]
[Date "2023.11.12"]
[Round "2.48"]
[White "Durarbayli, Vasif"]
[Black "Haring, Filip"]
[Result "1/2-1/2"]
[ECO "B12"]
[WhiteElo "2625"]
[BlackElo "2446"]
[Annotator "TA"]
[PlyCount "108"]
[EventDate "2023.11.10"]
[EventType "team-tourn"]
[EventCountry "MNE"]
[SourceTitle "playchess.com"]
[Source "ChessBase"]
[SourceQuality "1"]
[WhiteTeam "Azerbaijan"]
[BlackTeam "Slovakia"]
[WhiteTeamCountry "AZE"]
[BlackTeamCountry "SVK"]
[TimeControl "40/5400+30:1800+30"]

1. e4 c6 2. d4 d5 3. e5 Bf5 4. h4 h5 5. c4 e6 6. Nc3 dxc4 $1 {[%emt 0:01:59][%mdl 4] is recently more successful than 6...Ne7.} 7. Bxc4 Nd7 8. Nge2 Ne7 {[%emt 0:02:30] B12: Caro-Kann: Advance Variation.} 9. Bg5 Qb6 10. O-O {[%emt 0:01:42] [#]} O-O-O $146 {[%emt 0:18:43][%cal Od7e5] White is slightly better.} ({Predecessor:} 10... f6 11. exf6 gxf6 12. Be3 Nd5 13. Bd3 Nxe3 14. fxe3 Bg4 15. Bg6+ Ke7 16. Qd3 Bh6 {0-1 Lacasa Diaz,J (2411)-Aloma Vidal,R (2406) Catalunya-ch 2014 (1.1)}) 11. Na4 Qc7 12. Qb3 f6 (12... Nb6 $11 {is superior.} 13. Nxb6+ Qxb6) 13. exf6 {[%emt 0:04:52] White is much more active. The black rooks are badly placed.} gxf6 14. Bf4 Qa5 15. Nac3 ({Inferior is} 15. Bxe6 Bxe6 16. Qxe6 Qxa4 $17) 15... e5 16. Be3 (16. Bh2 $16) 16... Ng6 17. g3 ({Better is} 17. d5 $16) 17... exd4 $11 18. Nxd4 Nc5 19. Qa3 (19. Nxf5 $142 Nxb3 {[%mdl 64] Pin} 20. Be6+ Rd7 21. axb3) 19... Qxa3 20. bxa3 Bh3 {[%emt 0:06:50] ...Ne5 would be deadly.} 21. Rfd1 Ne5 22. Be2 Be7 23. a4 Bg4 ({Black should play} 23... a6 $11) 24. Bxg4+ $14 Nxg4 25. Nf5 Bf8 26. Rxd8+ Kxd8 27. Rd1+ Kc8 28. Bxc5 Bxc5 29. Ne4 Bb6 30. Kg2 Rf8 31. Rd2 Bc7 32. Nc5 (32. Re2 $16) 32... Re8 $11 {[%emt 0:01:36] Threatens to win with ...Re5.} 33. Ng7 {[%emt 0:03:27][%csl LRe8,LRh5] A dynamic duo of knights.} Re7 (33... Re5 $11 {keeps the balance.} 34. Nce6 Ba5) 34. Nce6 $1 $16 ({And not} 34. Nxh5 Re5 35. Nxb7 Kxb7 $17) 34... f5 35. Nxc7 Rxg7 {[%emt 0:00:30][%mdl 4096] Endgame KRN-KRN} 36. Ne8 Re7 37. Nd6+ Kc7 38. Nxf5 Re5 39. Nd4 (39. Ng7 $142) 39... c5 (39... a6 $142) 40. Nb5+ Kb6 41. Rb2 c4 42. Nc3+ (42. f4 $1 $16 Re7 43. Na3+ {[%mdl 64] Discovered Attack} Kc5 44. Rb5+ Kd4 45. Rxh5) 42... Kc5 $1 $14 43. Rxb7 a6 44. f3 Nf6 {[%emt 0:07:41] [#]} 45. Kf2 $1 Kd4 (45... Nd5 $16 {might work better.} 46. Ne2 Re8) 46. Ne2+ $18 Kd3 47. Nf4+ Kc3 48. Rb6 Nd5 {[%emt 0:02:44] [#]} 49. Rxa6 ({White should try} 49. Rc6 $1 $16) 49... Nxf4 $14 50. gxf4 $16 {[%emt 0:00:00] KR-KR} Rd5 51. Ke3 {[%emt 0:00:00] Rc6 is the strong threat.} Rd3+ 52. Ke4 Rd4+ $1 53. Ke3 (53. Ke5 $5 Kd3 54. f5 $16) 53... Rd3+ 54. Ke4 (54. Ke2 $5 Rd2+ 55. Ke3 $16) 54... Rd4+ $1 {[%emt 0:00:05] Weighted Error Value: White=0.19 (very precise) /Black=0.16 (very precise)} 1/2-1/2

[Event "ETCC Open 2023"]
[Site "Budva"]
[Date "2023.11.12"]
[Round "2.49"]
[White "Keinanen, Toivo"]
[Black "Grandelius, Nils"]
[Result "0-1"]
[ECO "E00"]
[WhiteElo "2527"]
[BlackElo "2688"]
[Annotator "TA"]
[PlyCount "112"]
[EventDate "2023.11.10"]
[EventType "team-tourn"]
[EventCountry "MNE"]
[SourceTitle "playchess.com"]
[Source "ChessBase"]
[SourceQuality "1"]
[WhiteTeam "Finland"]
[BlackTeam "Sweden"]
[WhiteTeamCountry "FIN"]
[BlackTeamCountry "SWE"]
[TimeControl "40/5400+30:1800+30"]

1. d4 Nf6 2. c4 e6 3. g3 Bb4+ 4. Bd2 Be7 5. Bg2 d5 6. Nf3 {[%emt 0:00:02] E00: Catalan Bogo-Indian (3 g3 Bb4+).} Nbd7 7. O-O c6 8. Qc2 {[%emt 0:01:11] The position is equal.} Ne4 9. Bf4 g5 10. Bc1 f5 {[%emt 0:03:06] [#]} 11. Nfd2 $146 ({Predecessor:} 11. Nc3 h5 12. Rb1 a5 13. a3 h4 14. b4 hxg3 15. hxg3 axb4 16. axb4 Bf6 17. Rd1 {½-½ Sargsyan,S (2630)-Erigaisi,A (2701) Sharjah Masters 6th 2023 (6)}) 11... Nd6 12. b3 h5 13. Ba3 g4 14. cxd5 cxd5 15. Rc1 Nf6 16. Nc3 Bd7 17. e3 h4 (17... Kf7 {is interesting.} 18. Ne2 h4 19. Nf4 Bc6) 18. Ne2 hxg3 (18... Kf7 {is more complex.} 19. Nf4 Bc6 20. Bb4 Qf8) 19. hxg3 Nh5 (19... Kf7 {keeps more tension.} 20. Nf4 Qf8 21. Nd3 Kg8) 20. Qd1 Kf7 21. Rc2 Qa5 22. Bb2 Rhc8 23. Bc3 Qd8 24. Rac1 Bb5 25. Bb2 Rxc2 26. Rxc2 Rc8 27. Rxc8 Qxc8 28. Nb1 {[%emt 0:01:05] White is weak on the light squares} Bxe2 29. Qxe2 Ne4 30. Bxe4 dxe4 31. Qc4 Qxc4 32. bxc4 $11 {[%emt 0:00:01][%mdl 4096] Endgame KBN-KBN} Nf6 33. Kf1 Nd7 34. c5 {[%emt 0:01:58] [#]} e5 $1 35. Nc3 exd4 36. exd4 Nf6 37. Ba3 (37. Bc1 $1 $11) 37... Ke6 $17 {[%emt 0:03:39] Black converts the advantage convincingly.} 38. d5+ Nxd5 $19 39. Nxd5 (39. Nb5) 39... Kxd5 {[%emt 0:00:01] KB-KB} 40. c6 {[%emt 0:00:07] [#]} Bd8 $1 ({Don't take} 40... Bxa3 41. c7 $18 (41. cxb7 $2 {is the wrong capture.} Bd6 $19)) 41. cxb7 Bc7 42. Ke2 Kc6 43. Ke3 Kxb7 44. Bc5 a5 45. Kd4 Kc6 46. Kc4 a4 47. Bd4 Bb6 $2 ({Better is} 47... Kd6 $19 48. Be3 Ke6) 48. Be3 $2 {[%emt 0:03:55][%mdl 8192] [#]} (48. Bxb6 $11 Kxb6 49. Kd4) 48... f4 $1 {[%emt 0:02:22][%mdl 576] Deflection} 49. Bxf4 Bxf2 50. Be5 Bc5 51. Bc3 Bg1 (51... Bd6 $142 52. Be1 Be5) 52. Bb4 Bf2 53. Be7 Bxg3 {[%emt 0:00:57] Black mates.} 54. Kd4 Bd6 55. Bh4 g3 56. Kxe4 g2 {[%emt 0:00:37] Weighted Error Value: White=0.69/Black=0.24 (precise)} 0-1

[Event "ETCC Open 2023"]
[Site "Budva"]
[Date "2023.11.12"]
[Round "2.50"]
[White "Blomqvist, Erik"]
[Black "Sipila, Vilka"]
[Result "1-0"]
[ECO "C00"]
[WhiteElo "2520"]
[BlackElo "2429"]
[Annotator "ChessBase"]
[PlyCount "119"]
[EventDate "2023.11.10"]
[EventType "team-tourn"]
[EventCountry "MNE"]
[SourceTitle "playchess.com"]
[Source "ChessBase"]
[SourceQuality "1"]
[WhiteTeam "Sweden"]
[BlackTeam "Finland"]
[WhiteTeamCountry "SWE"]
[BlackTeamCountry "FIN"]
[TimeControl "40/5400+30:1800+30"]

1. e4 c5 2. Nf3 e6 3. d3 Nc6 4. g3 d5 5. Qe2 Nf6 6. Bg2 Be7 7. a4 c4 8. dxc4 Nxe4 9. O-O O-O 10. Rd1 Bc5 11. Be3 Qb6 12. Bxc5 Qxc5 13. Na3 Re8 14. Nb5 Qb6 15. Nd2 Nxd2 16. cxd5 a6 17. dxc6 axb5 18. Qxb5 Qxb5 19. axb5 Rxa1 20. Rxa1 bxc6 21. Bxc6 Rd8 22. b3 Kf8 23. b6 Ke7 24. b7 Bxb7 25. Bxb7 Rd7 26. Bc6 Rc7 27. Ra6 Kd6 28. Be4+ Kc5 29. Bxh7 g6 30. h4 Kb5 31. Ra2 Nf3+ 32. Kf1 Nd4 33. h5 gxh5 34. Ra4 e5 35. Bd3+ Kb6 36. Ra6+ Kc5 37. Rh6 Kd5 38. Bc4+ Ke4 39. c3 Nf3 40. Rd6 Kf5 41. Ke2 e4 42. Ke3 Ne5 43. Rd5 f6 44. Kd4 Rh7 45. Bf1 h4 46. Bg2 Ke6 47. Bxe4 Rg7 48. gxh4 Rg4 49. Rb5 Rxh4 50. Rb6+ Ke7 51. Kd5 Rh5 52. Rb7+ Nd7+ 53. Kd4 Kd6 54. b4 f5 55. Rb5 Ke6 56. f4 Nf6 57. Re5+ Kf7 58. Rxf5 Rh8 59. Bd5+ Ke7 60. Re5+ 1-0

[Event "ETCC Open 2023"]
[Site "Budva"]
[Date "2023.11.12"]
[Round "2.51"]
[White "Valkama, Eero"]
[Black "Sorensen, Hampus"]
[Result "0-1"]
[ECO "B52"]
[WhiteElo "2310"]
[BlackElo "2479"]
[Annotator "ChessBase"]
[PlyCount "86"]
[EventDate "2023.11.10"]
[EventType "team-tourn"]
[EventCountry "MNE"]
[SourceTitle "playchess.com"]
[Source "ChessBase"]
[SourceQuality "1"]
[WhiteTeam "Finland"]
[BlackTeam "Sweden"]
[WhiteTeamCountry "FIN"]
[BlackTeamCountry "SWE"]
[TimeControl "40/5400+30:1800+30"]

1. e4 c5 2. Nf3 d6 3. Bb5+ Bd7 4. Bxd7+ Nxd7 5. O-O e6 6. b3 Be7 7. Bb2 Bf6 8. d4 cxd4 9. Bxd4 Ne7 10. c4 Nc6 11. Bxf6 Nxf6 12. Nc3 O-O 13. Qd2 Qa5 14. Rac1 Rfd8 15. Rfd1 a6 16. Nd4 Nxd4 17. Qxd4 Rac8 18. a4 h6 19. Rb1 Qg5 20. Rd3 Nd7 21. Rg3 Qe5 22. Qe3 Nf6 23. Rd1 Kh8 24. f4 Qa5 25. Kh1 Qb4 26. Rb1 d5 27. exd5 exd5 28. Nxd5 Nxd5 29. cxd5 Rxd5 30. Rf3 Rcd8 31. Rbf1 Rd4 32. f5 f6 33. h3 Re4 34. Qc3 Qe7 35. Qc1 Re2 36. R3f2 Rxf2 37. Rxf2 Rd3 38. Qc2 Qe1+ 39. Kh2 Qe5+ 40. Kh1 Qd5 41. Kg1 Rd1+ 42. Rf1 Rd2 43. Qd1 Qxg2# 0-1

[Event "ETCC Open 2023"]
[Site "Budva"]
[Date "2023.11.12"]
[Round "2.52"]
[White "Kucuksari, Kaan"]
[Black "Wartiovaara, Oliver"]
[Result "0-1"]
[ECO "D71"]
[WhiteElo "2474"]
[BlackElo "2270"]
[Annotator "ChessBase"]
[PlyCount "76"]
[EventDate "2023.11.10"]
[EventType "team-tourn"]
[EventCountry "MNE"]
[SourceTitle "playchess.com"]
[Source "ChessBase"]
[SourceQuality "1"]
[WhiteTeam "Sweden"]
[BlackTeam "Finland"]
[WhiteTeamCountry "SWE"]
[BlackTeamCountry "FIN"]
[TimeControl "40/5400+30:1800+30"]

1. d4 Nf6 2. c4 g6 3. g3 c6 4. Bg2 d5 5. Qa4 Bg7 6. cxd5 O-O 7. e4 cxd5 8. e5 Ne4 9. f3 Bd7 10. Qa3 Nd6 11. exd6 exd6 12. Ne2 Re8 13. Kd1 Rxe2 14. Kxe2 Nc6 15. Be3 Nxd4+ 16. Kd1 Rc8 17. Nc3 Qf6 18. Kd2 Nxf3+ 19. Bxf3 d4 20. Rhf1 dxc3+ 21. bxc3 Rxc3 22. Qb4 a5 23. Qb6 Rxe3 24. Qxe3 Qb2+ 25. Ke1 Bc3+ 26. Qxc3 Qxc3+ 27. Kf2 Bc6 28. Bxc6 bxc6 29. a4 d5 30. Ra2 d4 31. Kg2 Qc4 32. Raf2 Qd5+ 33. Kg1 c5 34. Rb1 d3 35. Rbb2 c4 36. Rb5 Qd4 37. Rb8+ Kg7 38. Rb7 d2 0-1

[Event "ETCC Open 2023"]
[Site "Budva"]
[Date "2023.11.12"]
[Round "2.53"]
[White "Paichadze, Luka"]
[Black "Nikolovski, Nikola"]
[Result "1-0"]
[ECO "C02"]
[WhiteElo "2501"]
[BlackElo "2405"]
[Annotator "ChessBase"]
[PlyCount "57"]
[EventDate "2023.11.10"]
[EventType "team-tourn"]
[EventCountry "MNE"]
[SourceTitle "playchess.com"]
[Source "ChessBase"]
[SourceQuality "1"]
[WhiteTeam "Georgia"]
[BlackTeam "Macedonia"]
[WhiteTeamCountry "GEO"]
[BlackTeamCountry "MKD"]
[TimeControl "40/5400+30:1800+30"]

1. e4 e6 2. d4 d5 3. e5 c5 4. c3 Nc6 5. Nf3 Bd7 6. Be2 f6 7. O-O Qc7 8. Bf4 O-O-O 9. Na3 c4 10. Nb5 Qb6 11. a4 g5 12. Bg3 g4 13. Nd2 fxe5 14. b3 exd4 15. bxc4 Nf6 16. cxd5 exd5 17. a5 Qc5 18. cxd4 Nxd4 19. Nxd4 Qxd4 20. Qc2+ Bc6 21. a6 Bb4 22. Rfc1 Qb6 23. axb7+ Kxb7 24. Ba6+ Ka8 25. Qxc6+ Qxc6 26. Rxc6 Nd7 27. Rb1 Nb8 28. Rxb4 Nxc6 29. Bb7# 1-0

[Event "ETCC Open 2023"]
[Site "Budva"]
[Date "2023.11.12"]
[Round "2.54"]
[White "Risteski, Emil"]
[Black "Jobava, Baadur"]
[Result "0-1"]
[ECO "C41"]
[WhiteElo "2379"]
[BlackElo "2568"]
[Annotator "RC"]
[PlyCount "82"]
[EventDate "2023.11.10"]
[EventType "team-tourn"]
[EventCountry "MNE"]
[SourceTitle "playchess.com"]
[Source "ChessBase"]
[SourceQuality "1"]
[WhiteTeam "Macedonia"]
[BlackTeam "Georgia"]
[WhiteTeamCountry "MKD"]
[BlackTeamCountry "GEO"]
[TimeControl "40/5400+30:1800+30"]

1. e4 e5 2. Nf3 Nf6 3. Nc3 d6 4. d4 Nbd7 5. h3 exd4 6. Qxd4 c6 7. Be3 Be7 8. O-O-O O-O 9. g4 Nb6 10. g5 Ne8 11. Rg1 Nc7 12. Nh4 g6 13. f4 d5 14. Qd3 Re8 15. f5 Na6 16. a3 Nc4 17. Qxc4 dxc4 18. Rxd8 Bxd8 19. Bxc4 b5 20. Ba2 b4 21. axb4 Nxb4 22. Bb3 Bb6 23. Bxb6 axb6 24. Kd2 Kg7 25. Rf1 Ra7 26. Ke3 Na6 27. Kf4 Nc5 28. Nf3 b5 29. Ne5 b4 30. Ne2 Ba6 31. Rf2 gxf5 32. exf5 f6 33. gxf6+ Kxf6 34. Ng3 Bb5 35. Nh5+ Ke7 36. Rg2 Ra1 37. f6+ Kd6 38. f7 Rf1+ 39. Nf3 Rf8 40. Rg7 Nxb3 41. cxb3 Be2 0-1

[Event "ETCC Open 2023"]
[Site "Budva"]
[Date "2023.11.12"]
[Round "2.55"]
[White "Kacharava, Nikolozi"]
[Black "Pancevski, Filip"]
[Result "1-0"]
[ECO "C95"]
[WhiteElo "2519"]
[BlackElo "2441"]
[Annotator "ChessBase"]
[PlyCount "65"]
[EventDate "2023.11.10"]
[EventType "team-tourn"]
[EventCountry "MNE"]
[SourceTitle "playchess.com"]
[Source "ChessBase"]
[SourceQuality "1"]
[WhiteTeam "Georgia"]
[BlackTeam "Macedonia"]
[WhiteTeamCountry "GEO"]
[BlackTeamCountry "MKD"]
[TimeControl "40/5400+30:1800+30"]

1. e4 e5 2. Nf3 Nc6 3. Bb5 a6 4. Ba4 Nf6 5. O-O Be7 6. Re1 b5 7. Bb3 d6 8. c3 O-O 9. h3 Nb8 10. d4 Nbd7 11. Nbd2 Bb7 12. Bc2 Re8 13. Nf1 Bf8 14. Ng3 g6 15. Bd2 Bg7 16. Qc1 d5 17. Bg5 Qb8 18. dxe5 Nxe5 19. Nxe5 Rxe5 20. f4 Re8 21. e5 Nd7 22. Qd1 Qa7+ 23. Kh2 Qb6 24. Qg4 Nc5 25. Re2 Re6 26. Qh4 a5 27. Bh6 Bh8 28. Rae1 Nd7 29. Qg4 Rae8 30. Bf5 Nxe5 31. fxe5 Rxe5 32. Bd7 R8e7 33. Nf5 1-0

[Event "ETCC Open 2023"]
[Site "Budva"]
[Date "2023.11.12"]
[Round "2.56"]
[White "Lazov, Toni"]
[Black "Quparadze, Giga"]
[Result "1-0"]
[ECO "B07"]
[WhiteElo "2377"]
[BlackElo "2490"]
[Annotator "ChessBase"]
[PlyCount "93"]
[EventDate "2023.11.10"]
[EventType "team-tourn"]
[EventCountry "MNE"]
[SourceTitle "playchess.com"]
[Source "ChessBase"]
[SourceQuality "1"]
[WhiteTeam "Macedonia"]
[BlackTeam "Georgia"]
[WhiteTeamCountry "MKD"]
[BlackTeamCountry "GEO"]
[TimeControl "40/5400+30:1800+30"]

1. e4 c5 2. Be2 Nc6 3. f4 g6 4. Nf3 Bg7 5. O-O d6 6. a4 Nf6 7. d3 O-O 8. Qe1 Nd4 9. Bd1 Nxf3+ 10. Bxf3 Ne8 11. Nd2 e6 12. a5 Bd7 13. e5 d5 14. b4 cxb4 15. Nb3 f6 16. d4 Rc8 17. Ra2 Nc7 18. Qxb4 Bb5 19. Rf2 Bc4 20. Rb2 Na6 21. Qe1 fxe5 22. fxe5 Qd7 23. Bg5 Rf5 24. Be3 Rcf8 25. Nd2 Bb5 26. Qb1 Bc6 27. Nf1 Qe7 28. Ng3 R5f7 29. Rb3 Ba4 30. Rb2 Qa3 31. Bd2 Bc6 32. Rb3 Qe7 33. Qc1 Qh4 34. Ne2 Qe7 35. Bg5 Qc7 36. Nf4 Bd7 37. Nxd5 exd5 38. Bxd5 Bf5 39. e6 Re7 40. Bxe7 Qxe7 41. Rxb7 Qd6 42. Rd7 Qb8 43. e7+ Kh8 44. exf8=Q+ Qxf8 45. Be6 Nb8 46. Rc7 Bh6 47. Qb2 1-0

[Event "ETCC Open 2023"]
[Site "Budva"]
[Date "2023.11.12"]
[Round "2.57"]
[White "Laurusas, Tomas"]
[Black "Tomic, Aleksandar"]
[Result "1-0"]
[ECO "E11"]
[WhiteElo "2566"]
[BlackElo "2411"]
[Annotator "RC"]
[PlyCount "102"]
[EventDate "2023.11.10"]
[EventType "team-tourn"]
[EventCountry "MNE"]
[SourceTitle "playchess.com"]
[Source "ChessBase"]
[SourceQuality "1"]
[WhiteTeam "Lithuania"]
[BlackTeam "Montenegro"]
[WhiteTeamCountry "LTU"]
[BlackTeamCountry "MNE"]
[TimeControl "40/5400+30:1800+30"]

1. d4 Nf6 2. c4 e6 3. Nf3 Bb4+ 4. Nbd2 a5 5. g3 b6 6. Bg2 Bb7 7. O-O Bxd2 8. Bxd2 d6 9. Bg5 Nbd7 10. d5 exd5 11. Nd4 h6 12. Bxf6 Qxf6 13. cxd5 O-O 14. b3 Nc5 15. Re1 Ba6 16. Rc1 Rfe8 17. Rc3 b5 18. Rf3 Qg6 19. a3 b4 20. axb4 axb4 21. Rf4 Ne4 22. Bxe4 Rxe4 23. Qc2 Rae8 24. e3 Bb7 25. Rxe4 Qxe4 26. Qxe4 Rxe4 27. Rc1 Re7 28. Nf5 Re5 29. Rxc7 Bxd5 30. Ne7+ Kf8 31. Nxd5 Rxd5 32. Rb7 Rd2 33. Rxb4 Ke7 34. g4 Rb2 35. h4 Ke6 36. Rb5 Kf6 37. Kg2 Ke6 38. Kg3 Rd2 39. h5 Rd3 40. Rb8 Kf6 41. b4 Rb3 42. Kf4 Rd3 43. b5 Rd2 44. Kg3 Rd3 45. b6 Rb3 46. b7 d5 47. f3 Rb2 48. f4 Rb3 49. Kf2 Rb2+ 50. Kf3 Rb4 51. g5+ Kf5 1-0

[Event "ETCC Open 2023"]
[Site "Budva"]
[Date "2023.11.12"]
[Round "2.58"]
[White "Sukovic, Andrej"]
[Black "Kazakouski, Valery"]
[Result "0-1"]
[ECO "C78"]
[WhiteElo "2382"]
[BlackElo "2577"]
[Annotator "TA"]
[PlyCount "78"]
[EventDate "2023.11.10"]
[EventType "team-tourn"]
[EventCountry "MNE"]
[SourceTitle "playchess.com"]
[Source "ChessBase"]
[SourceQuality "1"]
[WhiteTeam "Montenegro"]
[BlackTeam "Lithuania"]
[WhiteTeamCountry "MNE"]
[BlackTeamCountry "LTU"]
[TimeControl "40/5400+30:1800+30"]

1. e4 e5 2. Nf3 Nc6 3. Bb5 a6 4. Ba4 Nf6 5. O-O b5 6. Bb3 Bc5 7. c3 d6 8. a4 Rb8 9. d4 Bb6 10. a5 {[%emt 0:00:11] C78: Ruy Lopez: Archangelsk and Möller Defences.} Ba7 (10... Bxa5 $2 11. dxe5 (11. d5 Ne7 $18) 11... dxe5 12. Qxd8+ Kxd8 13. Bd5 (13. Bxf7 Bb6 $16) 13... Nxd5 14. exd5 $18) 11. h3 Bb7 12. Be3 {[%emt 0:01:42] White has an edge.} Nxe4 13. d5 (13. Re1 {simplifies} exd4 14. cxd4 d5 15. Nc3) 13... Bxe3 14. dxc6 Nxf2 15. Qe2 Nxh3+ 16. Kh1 Nf2+ 17. Rxf2 Bxf2 18. Qxf2 {[%emt 0:08:02] Nbd2 is the strong threat.} Bxc6 {[%emt 0:07:49] [#]} 19. Bxf7+ $1 {[%emt 0:17:16] [#]} Kd7 $146 {[%emt 0:18:24] White must now prevent ...Qf6.} ({Predecessor:} 19... Ke7 20. Nbd2 Qf8 21. Bb3 Qf6 22. Re1 Rhe8 23. Kg1 Kd7 24. Ne4 Qf8 25. c4 Qf5 {½-½ Wongso,S (2069)-Tang,D (2129) Las Vegas 1000 GM op 2023 (5)}) 20. Nd4 $2 (20. Nbd2 Qf6 21. Re1) 20... Bxg2+ {[%emt 0:08:30][%mdl 64] Deflection} 21. Qxg2 {[%emt 0:06:54] White threatens Qg4+ and mate.} Qh4+ (21... exd4 22. Qg4+ (22. Qxg7 $2 Qh4+ 23. Kg2 Qe4+ 24. Kh2 Qf4+ 25. Kh1 Rbf8 $19) 22... Kc6 23. Qxd4 $17 (23. Qxg7 $2 Qh4+ 24. Kg1 Qe1+ 25. Kh2 Rbf8 $19) (23. cxd4 Qe7 $17)) 22. Kg1 Qe1+ 23. Kh2 exd4 (23... Qh4+ $2 24. Qh3+ Qxh3+ 25. Kxh3 exd4 26. Bh5 $19) 24. Nd2 Qh4+ (24... Qxa1 25. Qg4+ Ke7 26. Bd5) 25. Kg1 h5 $2 (25... Qe7 $19 26. Bh5 (26. Qxg7 $2 {is the wrong capture.} Rhg8 $19) (26. Qg4+ $2 Kd8 $19) 26... dxc3 27. bxc3 Qe3+ 28. Kh1 Qh6 29. Qh3+ Kc6) 26. Qxg7 (26. Bd5 $15 Qg4 27. Bc6+ Ke7 28. Qxg4 hxg4 29. Re1+ Kf7 30. cxd4) 26... Qg4+ 27. Qxg4+ hxg4 28. cxd4 Rhf8 ({Black should try} 28... Rbf8 $19 29. Rf1 c5 30. dxc5 dxc5) 29. Bd5 Rbe8 {[%emt 0:07:50] Threatens to win with ...Re2.} 30. Rf1 (30. Bb7 $17) 30... c6 31. Bg2 (31. Be4 {was forced.}) 31... Rxf1+ 32. Kxf1 Re3 {[%emt 0:00:49] aiming for ...Rd3.} 33. Be4 {[%emt 0:00:50] Against Rd3} g3 34. b4 $2 (34. d5) 34... Kc7 35. Bg2 Rd3 36. Ne4 Rxd4 37. Ke2 Rxb4 38. Nf6 Rb2+ 39. Kf3 Rf2+ {[%emt 0:00:07][%mdl 64] Skewer. Excellently played by Kazakouski!   Weighted Error Value: White=0.77/Black=0.23 (precise)} 0-1